 Dungeon Crawl Stone Soup version 0.28-a0-691-gad6df49e81 (webtiles) character file.

Game seed: 11988621305589423142

548 KristoblXynda the Skirmisher (level 7, 0/61 HPs)
             Began as a Purple Draconian Berserker on Oct 21, 2021.
             Was a Priest of Trog.
             Slain by a gnoll (3 damage)
             ... on level 4 of the Dungeon.
             The game lasted 00:03:14 (3836 turns).

KristoblXynda the Skirmisher (DrBe)                 Turns: 3836, Time: 00:03:14

Health: 0/61       AC:  7    Str: 20    XL:     7   Next: 7%
Magic:  7/7        EV: 13    Int:  9    God:    Trog [***...]
Gold:   222        SH:  0    Dex: 10    Spells: 6/6 levels left

rFire   . . .      SeeInvis .   a - +0 falchion
rCold   . . .      Faith    .   (no shield)
rNeg    . . .      Spirit   .   (armour unavailable)
rPois   .          Reflect  .   (helmet restricted)
rElec   .          Harm     .   n - scarf {+Inv}
rCorr   .          Rampage  .   i - +0 pair of gloves
Will    +....                   (no boots)
Stlth   +.........              (no amulet)
HPRegen 0.20/turn               (no ring)
MPRegen 0.10/turn               (no ring)

@: no status effects
A: breathe power, AC +6, unfitting armour, cold-blooded
a: Breathe Dispelling Energy, Renounce Religion, Evoke Invisibility, Berserk,
Trog's Hand


You were on level 4 of the Dungeon.
You worshipped Trog.
Trog was most pleased with you.
You visited 1 branch of the dungeon, and saw 4 of its levels.

You collected 222 gold pieces.

Inventory:

Hand Weapons
 a - a +0 falchion (weapon)
Missiles
 m - a throwing net (quivered)
Armour
 i - a +0 pair of gloves (worn)
 n - a scarf of invisibility (worn)
Wands
 f - a wand of iceblast (4)
Scrolls
 e - 3 scrolls of amnesia {unknown}
 g - a scroll of vulnerability {unknown}
 l - a scroll of enchant armour {unknown}
 p - a scroll of brand weapon {unknown}
 q - a scroll of teleportation {unknown}
 r - 2 scrolls of identify {unknown}
 s - a scroll of acquirement {unknown}
Potions
 b - 2 potions of mutation {unknown}
 c - 3 potions of ambrosia {unknown}
 d - 2 potions of degeneration {unknown}
 h - a potion of heal wounds {unknown}
 j - a potion of berserk rage {unknown}
 k - a potion of might {unknown}
 o - a potion of flight {unknown}
 t - a potion of haste {unknown}
 u - a potion of attraction {unknown}


   Skills:
 + Level 5.4 Fighting
 + Level 4.9 Long Blades
 + Level 1.5 Throwing
 + Level 4.5 Dodging
 + Level 1.9 Evocations


You had 6 spell levels left.
You didn't know any spells.
Your spell library contained the following spells:

 Spells                   Type           Power      Damage    Failure   Level
 Blade Hands              Tmut           0%         N/A       100%        5
 Irradiate                Conj/Tmut      0%         3d13      100%        5
 Dragon Form              Tmut           0%         N/A       100%        7


Dungeon Overview and Level Annotations

Branches:
Dungeon (4/15)
 Temple: D:4-7

Altars:


Innate Abilities, Weirdness & Mutations

You can breathe bolts of dispelling energy.
Your rich purple scales are hard. (AC +6)
You cannot fit into any form of body armour.
You are cold-blooded and may be slowed by cold attacks.


Message History

You hit the gnoll.
You kill the gnoll!
Trog accepts your kill. The orc closely misses you.
You closely miss the orc. The gnoll closely misses you.
The orc hits you with a +0 flail.
You closely miss the orc.
The gnoll hits you from afar with a +0 halberd.
An orc comes into view. It is wielding a +0 club.
The orc hits you with a +0 flail.
The orc shouts!
You slash the orc!
You kill the orc!
Trog accepts your kill. The gnoll barely misses you.
You hit the adder.
The adder is lightly wounded.
The adder closely misses you. The gnoll sergeant barely misses you.
The gnoll closely misses you.
You closely miss the adder.
Your tail-slap misses the adder.
The adder bites you but does no damage.
A gnoll comes into view. It is wielding a +0 club.
The gnoll hits you from afar with a +0 halberd!
The gnoll sergeant hits you from afar with a +0 spear.
The adder misses you.
You hit the adder.
The adder is lightly wounded.
The gnoll sergeant hits you from afar with a +0 spear!
The gnoll hits you from afar with a +0 halberd.
The adder barely misses you. The gnoll barely misses you.
You are too injured to fight recklessly!
You are too injured to fight recklessly!
The gnoll sergeant hits you with a +0 spear!
* * * LOW HITPOINT WARNING * * *
The gnoll hits you with a +0 halberd!
* * * LOW HITPOINT WARNING * * *
The gnoll barely misses you. The adder bites you but does no damage.
You hit the gnoll sergeant but do no damage.
The gnoll sergeant closely misses you. The gnoll hits you with a +0 halberd.
You die...

.... .... . ... #.
########.. #. ........g#
.. .........# .. .
.......gg###....
......)g@'......
.....o)S.###....
.......$.# # ## #####
###......# ..# #....
≈≈≈≈.≈...# #.# #....
≈≈≈≈≈....# #.# #....
≈≈≈≈.≈...## #.###....
#≈≈≈≈≈....#######..##....
##≈≈≈≈...............†###


You could see a gnoll sergeant, 3 gnolls, an adder and an orc.

Vanquished Creatures
  Sigmund (D:4)
  An orc warrior (D:3)
  A hound (D:4)
  A centaur skeleton (D:4)
  2 orc priests
  A hound skeleton (D:4)
  6 adders
  A gnoll (D:4)
  2 worms
  2 dart slugs (D:1)
  5 orcs
  10 ball pythons
  7 bats
  3 endoplasms
  2 giant cockroaches
  4 goblins
  8 hobgoblins
  6 jackals
  4 quokkas
  7 frilled lizards
  9 kobolds
  9 rats
92 creatures vanquished.

Notes
Turn   | Place    | Note
-------+----------+-------------------------------------------
     0 | D:1      | KristoblXynda the Draconian Berserker began the quest for
                  | the Orb.
     0 | D:1      | Reached XP level 1. HP: 19/19 MP: 1/1
    39 | D:1      | Reached XP level 2. HP: 26/26 MP: 2/2
   631 | D:1      | Reached ** piety under Trog
   633 | D:1      | Reached XP level 3. HP: 32/33 MP: 3/3
   911 | D:1      | Found a faded altar of an unknown god.
  1277 | D:2      | Reached skill level 4 in Fighting
  1669 | D:2      | You fall into a shaft and drop 1 floor!
  1687 | D:3      | Reached XP level 4. HP: 39/40 MP: 4/4
  2211 | D:3      | Reached *** piety under Trog
  2435 | D:3      | Noticed an orc warrior
  2450 | D:3      | Killed an orc warrior
  2451 | D:3      | Reached XP level 5. HP: 34/47 MP: 5/5
  2891 | D:3      | Reached skill level 5 in Fighting
  3236 | D:4      | Noticed Sigmund
  3245 | D:4      | Killed Sigmund
  3246 | D:4      | Reached skill level 1 in Throwing
  3246 | D:4      | Reached skill level 1 in Evocations
  3246 | D:4      | Reached XP level 6. HP: 56/56 MP: 6/6
  3570 | D:4      | Your scales start taking on a rich purple colour.
  3570 | D:4      | Reached XP level 7. HP: 51/61 MP: 7/7
  3835 | D:4      | HP: 3/61 [gnoll (11)]
  3836 | D:4      | Slain by a gnoll

Illustrated notes

Levels and vault maps discovered:
D:1:      dpeg_arrival_houses_and_road, layout_basic,
          chequers_ecumenical_altar_twisty
D:2:      layout_rooms, amethyst_killhole, hangedman_decor_lopped
D:3:      minmay_chambers_of_threes, layout_basic
D:4:      layout_basic, chequers_serial_rivers_large_a, uniq_sigmund

Skill      XL: |  1  2  3  4  5 |
---------------+----------------+-----
Dodging        | 3 4 |  4.5
Fighting       | 4 5 |  5.4
Long Blades    | 4 |  4.9
Throwing       | 1 |  1.5
Evocations     | 1 |  1.9

Action                   |  1- 3 |  4- 6 |  7- 9 || total
-------------------------+-------+-------+-------++-------
Melee: Falchion          |   134 |   122 |    34 ||   290
       Tailslap          |    11 |    13 |     4 ||    28
Invok: Berserk           |     1 |     5 |       ||     6
  Use: Scroll            |       |     1 |       ||     1
Armor: Skin              |    53 |    33 |     7 ||    93
Dodge: Dodged            |    89 |    97 |    24 ||   210

Table legend: (Time is in decaauts)
 A = Elapsed time spent in this place.
 B = Non-inter-level travel time spent in this place.
 C = Inter-level travel time spent in this place.
 D = Time resting spent in this place.
 E = Time spent auto-exploring this place.
 F = Levels seen in this place.
 G = Mean time per level.
                   A        B        C        D        E       F      G
               +--------+--------+--------+--------+--------+-----+--------+
         Total |   3924 |   3886 |     38 |    535 |   2714 |   4 |  981.0 |
       Dungeon |   3924 |   3886 |     38 |    535 |   2714 |   4 |  981.0 |
               +--------+--------+--------+--------+--------+-----+--------+

Top non-repeatable levels by time:
     D:3: 1190 daAuts
     D:1: 1127 daAuts
     D:2: 966 daAuts
     D:4: 640 daAuts
